 Dungeon Crawl Stone Soup version 0.20.0-4-g10b340a (webtiles) character file.

503 KiwiOfAdowableness the Firebug (level 6, -20/32 HPs)
             Began as a Deep Elf Fire Elementalist on May 27, 2017.
             Was a Follower of Vehumet.
             Blown up by Pikel (21 damage)
             ... with a wand of disintegration (?/24)
             ... on level 4 of the Dungeon.
             The game lasted 00:12:38 (4224 turns).

KiwiOfAdowableness the Firebug (DEFE)               Turns: 4224, Time: 00:12:39

Health: -20/32     AC:  2    Str:  5    XL:     6   Next: 96%
Magic:  13/14      EV: 13    Int: 22    God:    Vehumet [*.....]
Gold:   250        SH:  0    Dex: 15    Spells: 3/13 levels left

rFire    . . .     SeeInvis .   i - +1 short sword (venom)
rCold    . . .     Gourm    .   (no shield)
rNeg     . . .     Faith    .   a - +0 robe
rPois    .         Spirit   .   (no helmet)
rElec    .         Reflect  .   (no cloak)
rCorr    .         Harm     .   (no gloves)
MR       .....                  (no boots)
Stlth    ++........             (no amulet)
Regen    0.1/turn               (no ring)
MPRegen  0.2/turn               (no ring)

@: no status effects
A: no striking features
a: Renounce Religion


You were on level 4 of the Dungeon.
You worshipped Vehumet.
Vehumet was aware of your devotion.
You were not hungry.

You visited 1 branch of the dungeon, and saw 4 of its levels.

You collected 250 gold pieces.

Inventory:

Hand Weapons
 i - a +1 short sword of venom (weapon)
Missiles
 e - 5 javelins (quivered)
 f - a throwing net
Armour
 a - a +0 robe (worn)
Jewellery
 s - an uncursed ring of positive energy {unknown}
Wands
 r - a wand of lightning (2/15)
Scrolls
 d - 3 scrolls of immolation {unknown}
 h - a scroll of identify {unknown}
 j - a scroll of teleportation {unknown}
 m - a scroll of blinking {unknown}
 u - a scroll of fear {unknown}
 x - a scroll of fog {unknown}
Potions
 g - a potion of resistance
 k - 2 potions of brilliance {unknown}
 l - a potion of lignification {unknown}
 n - a potion of heal wounds {unknown}
 o - a potion of mutation {unknown}
 p - a potion of curing {unknown}
 q - a potion of ambrosia {unknown}
 t - 2 potions of haste {unknown}
Books
 b - a book of Flames

   Spells                             Type                      Level
   a - Flame Tongue                   Conjuration/Fire             1
   b - Throw Flame                    Conjuration/Fire             2
   c - Conjure Flame                  Conjuration/Fire             3
   d - Inner Flame                    Hexes/Fire                   3
   e - Sticky Flame                   Conjuration/Fire             4
   f - Fireball                       Conjuration/Fire             5
Comestibles
 c - a bread ration
 v - a royal jelly


   Skills:
 - Level 2.4 Dodging
 - Level 2.4 Stealth
 - Level 4.0 Spellcasting
 + Level 5.8 Conjurations
 - Level 6.0 Fire Magic


You had 3 spell levels left.
You knew the following spells:

 Your Spells              Type           Power        Failure   Level  Hunger
a - Flame Tongue          Conj/Fire      ####.        1%          1    None
b - Throw Flame           Conj/Fire      ####..       1%          2    #......
c - Conjure Flame         Conj/Fire      ####....     3%          3    ###....
d - Sticky Flame          Conj/Fire      ####....     10%         4    ####...


Dungeon Overview and Level Annotations

Branches:
Dungeon (4/15)
 Temple: D:4-7

Altars:
Dithmenos
Fedhas
Makhleb
Sif Muna
Vehumet

Annotations:
D:4 Pikel


Message History

4 slaves and Pikel come into view.
Pikel is wielding a whip of electrocution.
The slave shouts! x3
There are monsters nearby!
Casting: Flame Tongue
Confirm with . or Enter, or press ? or * to list all spells.
Aiming: Flame Tongue
Press: ? - help, Shift-Dir - straight line, f - Pikel
Aim: Pikel, wielding a whip of electrocution and wearing a robe The flame tongue hits Pikel.
Pikel is lightly wounded.
Pikel smiles. "I know this place well.
And it is filled with the corpses of daring fools like you!
Won't you join me?"
Pikel zaps a wand.
You are blasted!
Ouch! That really hurt!
It is a wand of disintegration (?/24).
Pikel zaps a wand.
You are blasted!
* * * LOW HITPOINT WARNING * * *
Pikel zaps a wand.
You are blasted!
Ouch! That really hurt!
You die...

#................
#................
#................ ....
#....############ .....
#....# # .... #....# #
....######....############
######.......................
#....#......@###########.....
#....+.......# #.....
#....#.......# #.....
+p.pp#.p.....# #.....
.K.#.Kp....# ♣♣♣♣ #.....
+#####'#.p....## ♣..♣♣ ##....
.......p......# ♣♣_.♣ #'....
..............# ♣..♣♣ ##....
..............# ♣♣..♣ #....


You could see Pikel and 4 slaves.

Vanquished Creatures
  A phantom (D:4)
  3 orc priests (D:3)
  An orc wizard (D:3)
  An iguana (D:4)
  Jessica (D:2)
  A worker ant (D:4)
  11 gnolls (D:3)
  2 adders (D:4)
  2 worms (D:2)
  A dart slug (D:1)
  4 leopard geckos
  13 orcs (D:3)
  13 bats
  A giant cockroach (D:1)
  4 goblins
  9 hobgoblins
  2 jackals (D:1)
  2 quokkas (D:2)
  2 ball pythons
  4 frilled lizards
  4 kobolds
  4 rats
86 creatures vanquished.

Notes
Turn   | Place    | Note
-------+----------+-------------------------------------------
     0 | D:1      | KiwiOfAdowableness the Deep Elf Fire Elementalist began the quest for the Orb.
     0 | D:1      | Reached XP level 1. HP: 10/10 MP: 6/6
   138 | D:1      | Reached XP level 2. HP: 15/15 MP: 5/9
   810 | D:2      | Reached XP level 3. HP: 19/19 MP: 8/10
   942 | D:2      | Noticed Jessica
   947 | D:2      | Killed Jessica
   950 | D:2      | Found a burning altar of Makhleb.
  1195 | D:2      | Reached XP level 4. HP: 24/24 MP: 10/12
  1328 | D:2      | Found a radiant altar of Vehumet.
  1823 | D:3      | Reached skill level 4 in Fire Magic
  2147 | D:3      | Learned a level 3 spell: Conjure Flame
  2152 | D:3      | Learned a level 4 spell: Sticky Flame
  2156 | D:3      | Learned a level 2 spell: Throw Flame
  2230 | D:2      | Became a worshipper of Vehumet
  2457 | D:3      | Reached XP level 5. HP: 28/28 MP: 6/13
  2634 | D:3      | Reached skill level 5 in Fire Magic
  2687 | D:3      | Found a shadowy altar of Dithmenos.
  2687 | D:3      | Found a deep blue altar of Sif Muna.
  3383 | D:3      | Reached skill level 6 in Fire Magic
  3411 | D:3      | Reached XP level 6. HP: 32/32 MP: 8/14
  3627 | D:3      | Reached * piety under Vehumet
  3627 | D:3      | Offered knowledge of Magic Dart by Vehumet.
  3750 | D:4      | Found a blossoming altar of Fedhas.
  3887 | D:4      | Reached skill level 5 in Conjurations
  4216 | D:4      | Noticed Pikel
  4216 | D:4      | Noticed a slave
  4216 | D:4      | Noticed a slave
  4216 | D:4      | Noticed a slave
  4216 | D:4      | Noticed a slave
  4223 | D:4      | HP: 1/32 [disintegration (10)]
  4224 | D:4      | Blown up by Pikel

Skill      XL: |  1  2  3  4  5  6 |
---------------+-------------------+-----
Spellcasting   | 4 |  4.0
Conjurations   | 2 3 5 |  5.8
Fire Magic     | 4 6 |  6.0
Dodging        | |  2.4
Stealth        | |  2.4

Action                   |  1- 3 |  4- 6 || total
-------------------------+-------+-------++-------
Melee: Short sword       |    19 |    21 ||    40
 Cast: Flame Tongue      |    49 |   113 ||   162
       Conjure Flame     |       |     3 ||     3
       Throw Flame       |       |     4 ||     4
       Sticky Flame      |       |     3 ||     3
  Use: Potion            |       |     2 ||     2
 Stab: Sleeping          |     1 |     1 ||     2
  Eat: Chunk             |     1 |     5 ||     6
       Bread ration      |       |     1 ||     1
Armor: Robe              |     4 |    19 ||    23
Dodge: Dodged            |    36 |    50 ||    86
